AoeStats
← arthur

Four Lakes

502938713Analyzed
4v4 RM · 1mo ago on Aug 29, 2026· 18m 38s· 8 players
Game mode
Random Map
Map size
Large (8 player)
Population
200
Speed
Normal
Resources
Standard
Victory
Conquest
Starting age
Dark Age
Ending age
Imperial Age
RankedLock teamsTeams togetherTeam positionsShared explorationLock speedFull tech treeHidden civsTurbo modeCheats
Victory
Defeat
🇹🇷 Mongols · Türkiye
1435
+13
🇩🇪 Italians · Germany
1431
+13
🇭🇰 Persians · Hong Kong SAR China
1424
+14
🇨🇳 Japanese · China
1344
+17
🇩🇪 Hindustanis · Germany
1397
-15
🇱🇧 Saracens · Lebanon
1382
-15
🇬🇧 Ethiopians · United Kingdom
1364
-14
🇫🇷 Japanese · France
1348
-13
__Assassin
5:27 Loom
9:01 Feudal Age
17:29 Castle Age
15:37 Double-Bit Axe
16:31 Gold Mining
16:24 Horse Collar
16:43 Fishing Lines
17:41 Bloodlines
18:14 Forging
arthur
6:25 Loom
14:56 Feudal Age
Sladman
7:20 Loom
9:49 Feudal Age
14:50 Fletching
15:57 Wheelbarrow
15:33 Padded Archer Armor
18:05 Double-Bit Axe
Erg_Raider
6:38 Loom
10:01 Feudal Age
10:36 Double-Bit Axe
11:56 Horse Collar
12:39 Fishing Lines
Anatoly
7:35 Loom
9:37 Feudal Age
10:20 Double-Bit Axe
12:45 Fishing Lines
13:28 Scale Barding Armor
14:13 Forging
18:00 Wheelbarrow
17:55 Bloodlines
21:16 Castle Age
S.H.E
8:11 Loom
10:22 Feudal Age
10:42 Double-Bit Axe
13:30 Horse Collar
15:15 Forging
18:57 Scale Barding Armor
19:30 Wheelbarrow
儒门_重农抑商
4:02 Loom
10:38 Feudal Age
10:47 Feudal Age
14:52 Double-Bit Axe
16:55 Fletching
17:15 Fishing Lines
18:25 Wheelbarrow
Radiant Mind
8:22 Loom
10:23 Feudal Age
11:29 Double-Bit Axe
12:20 Fishing Lines
13:17 Town Watch
15:48 Fletching
19:04 Castle Age
17:35 Horse Collar
18:17 Gold Mining
18:29 Padded Archer Armor
Connection lost

Rejoining the realm…

Still unreachable

The connection could not be restored.

Session expired

The server has moved on; the page needs a fresh start.